 Dungeon Crawl Stone Soup version 0.26-a0-610-g3e9335b (webtiles) character file.

Game seed: 9706506710938626789

114 B1Gdaddy5 the Chopper (level 4, -5/42 HPs)
             Began as a Deep Dwarf Berserker on Sept 4, 2020.
             Was a Believer of Trog.
             Killed by nerve-wracking pain
             ... invoked by Grinder
              (6 damage)
             ... on level 3 of the Dungeon.
             The game lasted 00:13:47 (1880 turns).

B1Gdaddy5 the Chopper (Deep Dwarf Berserker)        Turns: 1880, Time: 00:13:47

Health: -5/42      AC:  8    Str: 21    XL:     4   Next: 67%
Magic:  4/4        EV: 26    Int:  8    God:    Trog [**....]
Gold:   63         SH:  0    Dex: 10    Spells: 3/3 levels left

rFire    . . .     SeeInvis .   a - +1 hand axe
rCold    . . .     Faith    .   (no shield)
rNeg     . . .     Spirit   .   f - +0 ring mail (curse)
rPois    +         Reflect  .   j - +0 helmet (curse)
rElec    .         Harm     .   (no cloak)
rCorr    .                      (no gloves)
MR       .....                  (no boots)
Stlth    ..........             h - amulet of the acrobat
HPRegen  0.00/turn              g - ring of attention (curse)
MPRegen  0.09/turn              (no ring)

@: acrobat, non-regenerating
A: damage resistance, heal wounds, iridescent scales 1, clumsy 1, sense
surroundings 1, poison resistance, no regeneration
a: Heal Wounds, Berserk, Trog's Hand, Renounce Religion


You were on level 3 of the Dungeon.
You worshipped Trog.
Trog was pleased with you.
You visited 1 branch of the dungeon, and saw 3 of its levels.

You collected 63 gold pieces.

Inventory:

Hand Weapons
 a - a +1 hand axe (weapon)
Armour
 f - a cursed +0 ring mail (worn)
 j - a cursed +0 helmet (worn)
 m - a +0 helmet
Jewellery
 g - a cursed ring of attention (left hand)
 h - an amulet of the acrobat (around neck)
Scrolls
 c - a scroll of blinking
 d - 3 scrolls of identify
 i - a scroll of fear {unknown}
 k - a scroll of enchant armour {unknown}
Potions
 b - 2 potions of stabbing
 e - a potion of resistance
 l - a potion of heal wounds
 n - a potion of degeneration


   Skills:
 + Level 3.2 Fighting
 + Level 4.5 Axes
 + Level 3.4 Armour
 + Level 2.7 Dodging
 + Level 0.5 Stealth


You had 3 spell levels left.
You didn't know any spells.
Your spell library was empty.

Dungeon Overview and Level Annotations

Branches:
Dungeon (3/15)

Altars:
Dithmenos
Gozag
Ru

Annotations:
D:3 Grinder


Innate Abilities, Weirdness & Mutations

You are resistant to damage.
You can heal yourself by infusing magical energy.
You passively map a small area around you.
You do not regenerate.
You are partially covered in iridescent scales. (AC +2)
You are clumsy. (Dex -2)
Your system is resistant to poisons. (rPois)


Message History

You resist with some effort.
Grinder says, "There's only one good use for a tongue: cutting it out."
Grinder gestures at you. Pain shoots through your body!
* * * LOW HITPOINT WARNING * * *
Grinder hits you but does no damage. Grinder hits you!
* * * LOW HITPOINT WARNING * * *
You writhe in agony.
* * * LOW HITPOINT WARNING * * *
You can move again.
You hit Grinder but do no damage.
Grinder is moderately wounded.
Grinder hits you but does no damage.
You closely miss Grinder.
Grinder is moderately wounded.
Grinder blinks!
Grinder gestures at you. Pain shoots through your body!
You die...

*
.###.##.####...........#######
..........##....#......#
,.###.#....##....#......# ,
#.#....##....##.#####
#.#.)..##....# , ,*
#.#....##....##.## * * *
###>..)..+.......... , ,
#........##...###.## * **
#......####.@.# ,
#).....####...###.#
###........[..5..(#
####.#..........#
#.#.#<...###.# #.#.#......#,#
** *#.#.##...#.# ,
#.#.##..^#.# #.#.##...# #,


You could see Grinder.

Vanquished Creatures
  A gnoll (D:1)
  4 adders
  An ooze (D:1)
  3 worms (D:2)
  2 dart slugs
  2 leopard geckos
  An orc (D:3)
  2 giant cockroaches
  5 goblins
  8 hobgoblins
  2 quokkas (D:2)
  3 bats
  6 frilled lizards
  8 kobolds
  6 rats
54 creatures vanquished.

Notes
Turn   | Place    | Note
-------+----------+-------------------------------------------
     0 | D:1      | B1Gdaddy5 the Deep Dwarf Berserker began the quest for the
                  | Orb.
     0 | D:1      | Reached XP level 1. HP: 20/20 MP: 1/1
   164 | D:1      | Reached XP level 2. HP: 22/27 MP: 2/2
   680 | D:1      | Reached XP level 3. HP: 30/34 MP: 3/3
   890 | D:2      | Reached skill level 4 in Axes
   914 | D:2      | Reached ** piety under Trog
   938 | D:2      | Gained mutation: You are partially covered in iridescent
                  | scales. (AC +2) [potion of mutation]
   938 | D:2      | Gained mutation: You are clumsy. (Dex -2) [potion of
                  | mutation]
   938 | D:2      | Gained mutation: Your system is resistant to poisons.
                  | (rPois) [potion of mutation]
  1019 | D:2      | Found a sacrificial altar of Ru.
  1099 | D:2      | Found a shadowy altar of Dithmenos.
  1177 | D:2      | Reached XP level 4. HP: 42/42 MP: 4/4
  1515 | D:2      | Found an opulent altar of Gozag.
  1845 | D:3      | Noticed Grinder
  1871 | D:3      | Paralysed by Grinder for 7 turns
  1877 | D:3      | HP: 1/42 [Grinder (4)]
  1880 | D:3      | Killed from afar by Grinder

Illustrated notes

Levels and vault maps discovered:
D:1:      psy_arrival_whirlpool, layout_loops_corners
D:2:      layout_basic, grunt_gozag_statues,
          nicolae_dithmenos_through_a_glass_darkly, minmay_misc_feat_plants,
          hangedman_ru_absence
D:3:      layout_basic, uniq_robin, uniq_grinder

Skill      XL: |  1  2  3 |
---------------+----------+-----
Fighting       | 3 |  3.2
Axes           | 4 |  4.5
Armour         | 3 |  3.4
Dodging        | |  2.7
Stealth        | |  0.5

Action                   |  1- 3 |  4- 6 || total
-------------------------+-------+-------++-------
Melee: Hand axe          |   123 |    66 ||   189
Invok: Berserk           |     3 |       ||     3
 Abil: Heal Wounds       |     1 |     1 ||     2
  Use: Scroll            |     4 |     3 ||     7
       Potion            |     3 |       ||     3
Armor: Animal skin       |    11 |       ||    11
       Ring mail         |    36 |    23 ||    59
Dodge: Dodged            |   109 |    40 ||   149

Table legend: (Time is in decaauts)
 A = Elapsed time spent in this place.
 B = Non-inter-level travel time spent in this place.
 C = Inter-level travel time spent in this place.
 D = Time resting spent in this place.
 E = Time spent auto-exploring this place.
 F = Levels seen in this place.
 G = Mean time per level.
                   A        B        C        D        E       F      G
               +--------+--------+--------+--------+--------+-----+--------+
         Total |   1919 |   1826 |     93 |      0 |   1133 |   3 |  639.7 |
       Dungeon |   1919 |   1826 |     93 |      0 |   1133 |   3 |  639.7 |
               +--------+--------+--------+--------+--------+-----+--------+

Top non-repeatable levels by time:
     D:1: 887 daAuts
     D:2: 817 daAuts
     D:3: 214 daAuts
